AoeStats
← Ja1r

Arena

509820856Analyzed
4v4 RM · 4d ago on Sep 28, 2026· 63m 13s· 8 players
Game mode
Random Map
Map size
Large (8 player)
Population
200
Speed
Normal
Resources
Standard
Victory
Conquest
Starting age
Dark Age
Ending age
Imperial Age
RankedLock teamsTeams togetherTeam positionsShared explorationLock speedFull tech treeHidden civsTurbo modeCheats
Victory
Defeat
🇦🇺 Celts · Australia
972
+18
🇺🇸 Franks · United States
966
+18
🇹🇼 Persians · Taiwan
960
+18
🇨🇴 Byzantines · Colombia
900
+21
🇲🇽 Franks · Mexico
1093
-22
🇨🇳 Bohemians · China
1089
-21
🇲🇽 Teutons · Mexico
1009
-19
🇦🇷 Burmese · Argentina
864
-13
aegilello
2:38 Loom
10:36 Feudal Age
16:12 Castle Age
16:40 Scale Barding Armor
17:14 Wheelbarrow
27:19 Double-Bit Axe
35:13 Imperial Age
34:14 Hand Cart
33:45 Town Watch
34:16 Bow Saw
34:01 Gold Mining
34:03 Stone Mining
35:00 Husbandry
36:17 Chain Barding Armor
36:34 Forging
37:34 Cavalier
39:00 Iron Casting
39:01 Plate Barding Armor
40:48 Blast Furnace
42:45 Treadmill Crane
43:39 Ballistics
43:15 Murder Holes
43:36 Fortified Wall
48:08 Paladin
52:34 Gold Shaft Mining
53:40 Scale Mail Armor
60:07 Hoardings
59:54 Conscription
63:06 Chemistry
62:12 Siege Engineers
62:20 Masonry
Ja1r
12:08 Feudal Age
12:20 Man-at-Arms
12:52 Loom
13:04 Double-Bit Axe
15:52 Horse Collar
20:18 Castle Age
19:25 Scale Mail Armor
21:29 Long Swordsman
22:10 Squires
23:42 Wheelbarrow
25:11 Gold Mining
26:02 Chain Mail Armor
27:41 Forging
28:44 Bow Saw
28:08 Pikeman
32:59 Imperial Age
32:09 Thumb Ring
34:02 Hand Cart
34:22 Conscription
33:25 Two-Handed Swordsman
33:36 Capped Ram
35:22 Elite Skirmisher
35:56 Fletching
37:06 Padded Archer Armor
40:08 Siege Ram
43:19 Bodkin Arrow
心死就在一瞬間
4:39 Loom
10:49 Feudal Age
14:43 Castle Age
12:57 Double-Bit Axe
12:56 Horse Collar
16:08 Stone Mining
21:22 Wheelbarrow
22:17 Stone Shaft Mining
22:28 Bow Saw
26:14 Scale Barding Armor
31:48 Imperial Age
29:14 Gold Mining
30:33 Gold Shaft Mining
30:02 Heavy Plow
32:08 Chain Barding Armor
32:00 Forging
31:48 Elite War Elephant
33:43 Bloodlines
33:34 Husbandry
34:43 Crop Rotation
36:30 Two-Man Saw
38:03 Pikeman
38:45 Squires
38:30 Arson
40:23 Plate Barding Armor
40:25 Iron Casting
39:50 Scale Mail Armor
39:22 Halberdier
54:53 Chain Mail Armor
55:40 Blast Furnace
Angry Womble
11:08 Feudal Age
15:03 Castle Age
13:34 Stone Mining
13:45 Double-Bit Axe
13:56 Horse Collar
15:03 Gold Mining
19:14 Fletching
19:25 Padded Archer Armor
22:07 Bodkin Arrow
26:11 Leather Archer Armor
l BALLACK l2790
11:13 Feudal Age
16:02 Castle Age
14:00 Loom
14:42 Horse Collar
14:52 Double-Bit Axe
15:20 Stone Mining
15:33 Gold Mining
17:00 Wheelbarrow
17:33 Stone Shaft Mining
18:05 Bow Saw
19:06 Heavy Plow
24:46 Hand Cart
29:35 Imperial Age
28:11 Pikeman
28:51 Squires
29:06 Forging
28:57 Scale Mail Armor
29:45 Halberdier
32:43 Iron Casting
33:08 Chain Mail Armor
35:01 Blast Furnace
35:23 Plate Mail Armor
36:13 Crop Rotation
38:06 Chemistry
38:26 Two-Man Saw
62:37 Guilds
mecrosclan
7:31 Loom
9:38 Feudal Age
14:55 Castle Age
19:32 Double-Bit Axe
25:53 Fletching
29:25 Forging
29:22 Scale Mail Armor
29:23 Stone Mining
29:47 Gold Mining
31:20 Iron Casting
31:16 Ballistics
永不投降嘻嘻
10:21 Feudal Age
15:00 Castle Age
13:26 Double-Bit Axe
14:06 Horse Collar
17:49 Heavy Plow
18:59 Bow Saw
19:47 Loom
20:40 Wheelbarrow
29:25 Imperial Age
28:00 Fletching
28:14 Scale Mail Armor
28:24 Forging
28:09 Pikeman
28:45 Bodkin Arrow
30:01 Chemistry
30:57 Chain Mail Armor
31:18 Iron Casting
32:06 Guard Tower
32:41 Padded Archer Armor
35:20 Leather Archer Armor
35:41 Bracer
36:16 Iron Casting
35:19 Halberdier
36:50 Plate Mail Armor
36:55 Iron Casting
37:31 Iron Casting
37:54 Ring Archer Armor
39:36 Keep
39:21 Ballistics
38:47 Arrowslits
40:21 Blast Furnace
40:25 Wagenburg Tactics
40:40 Conscription
40:50 Husbandry
40:11 Light Cavalry
40:58 Scale Barding Armor
41:29 Masonry
41:15 Murder Holes
42:02 Hand Cart
41:33 Town Watch
48:45 Architecture
52:38 Fortified Wall
COCO CARP
9:31 Feudal Age
17:17 Castle Age
19:58 Gold Mining
Connection lost

Rejoining the realm…

Still unreachable

The connection could not be restored.

Session expired

The server has moved on; the page needs a fresh start.